 Dungeon Crawl Stone Soup version 0.29.1-15-g9cfb28693d (webtiles) character file.

Game seed: 15231873212176263945

15 Descartes the Ducker (level 2, 0/14 HPs)
             Began as a Felid Monk on Mar 31, 2023.
             Slain by a kobold
             ... wielding a +0 dagger
              (1 damage)
             ... on level 1 of the Dungeon.
             The game lasted 00:00:35 (471 turns).

Descartes the Ducker (Felid Monk)                    Turns: 471, Time: 00:00:36

Health: 0/14       AC:  1    Str:  7    XL:     2   Next: 34%
Magic:  3/3        EV: 19    Int: 11    God:
Gold:   15         SH:  0    Dex: 18    Spells: 1/1 levels left
                                        Lives:  0   Deaths: 0

rFire   . . .      SeeInvis +     - Unarmed
rCold   . . .      Faith    .   (shield unavailable)
rNeg    . . .      Spirit   .   (body armour unavailable)
rPois   .          Reflect  .   (helmet unavailable)
rElec   .          Harm     .   (cloak unavailable)
rCorr   .          Rampage  .   (gloves unavailable)
Will    .....                   (boots unavailable)
Stlth   ++........              (no amulet)
HPRegen 0.04/turn               (no ring)
MPRegen 0.08/turn               (no ring)

@: quick
A: very small, claws 1, fangs 3, see invisible, speed 1, shaggy fur 1, stealthy
paws, no weapons or thrown items, no armour, multi-lived
a: no special abilities


You were on level 1 of the Dungeon.
You visited 1 branch of the dungeon, and saw 1 of its levels.

You collected 15 gold pieces.

Inventory:

Scrolls
 b - a scroll of identify {unknown}
 d - a scroll of enchant armour {unknown}
Potions
 a - a potion of ambrosia
 c - a potion of invisibility {unknown}


   Skills:
 + Level 3.2 Fighting
 + Level 4.4 Dodging
 - Level 2.6 Stealth
 + Level 3.2 Unarmed Combat


You had one spell level left.
You didn't know any spells.
Your spell library was empty.

Dungeon Overview and Level Annotations

Branches:
Dungeon (1/15)

Altars:


Innate Abilities, Weirdness & Mutations

You have sharp claws.
You have razor-sharp teeth.
You have supernaturally acute eyesight. (SInv)
You cover ground quickly. (Speed+)
You are covered in fur. (AC +1)
Your paws help you pounce on unaware monsters.
You are incapable of wielding weapons or throwing items.
You cannot wear armour.
You gain extra lives every three experience levels.


Message History

You are too injured to fight recklessly!
You are too injured to fight recklessly!
Unknown command.
The kobold hits you with a +0 dagger.
* * * LOW HITPOINT WARNING * * *
The jackal closely misses you. The kobold barely misses you.
The jackal completely misses you. The jackal attacks as you move away!
The jackal closely misses you. The jackal completely misses you.
The jackal attacks as you move away! The jackal misses you.
The jackal completely misses you. The jackal attacks as you move away!
The jackal barely misses you.
You closely miss the jackal. The jackal misses you.
You scratch the jackal.
You kill the jackal!
You closely miss the jackal. The jackal closely misses you.
The jackal barely misses you.
You scratch the jackal but do no damage.
The jackal completely misses you.
You scratch the jackal but do no damage.
The jackal bites you.
* * * LOW HITPOINT WARNING * * *
You scratch the jackal but do no damage.
The jackal misses you. The jackal completely misses you.
You scratch the jackal.
The jackal is heavily wounded.
The jackal closely misses you.
Unknown command.
You closely miss the jackal.
The jackal is heavily wounded.
The jackal misses you.
You scratch the jackal.
You kill the jackal!
The kobold barely misses you.
You scratch the kobold.
You kill the kobold!
The kobold closely misses you.
You closely miss the kobold. The kobold hits you with a +0 dagger.
You die...

.............###..######.[.####.#
.............# ##.###...........#
.##..........# #.)#..h..........
########.#..## ##...............
# #.#.## ##.............. # ###.#
#.............) # #.#####
#.............. #
.......###.............. #.#
#..@)............... ###
####K##.............
...###.....#.....# #.####
############# #


You could see a kobold.

Vanquished Creatures
  2 bats (D:1)
  3 endoplasms (D:1)
  A goblin (D:1)
  A hobgoblin (D:1)
  3 jackals (D:1)
  A kobold (D:1)
  A rat (D:1)
12 creatures vanquished.

Notes
Turn   | Place    | Note
-------+----------+-------------------------------------------
     0 | D:1      | Descartes the Felid Monk began the quest for the Orb.
     0 | D:1      | Reached XP level 1. HP: 10/10 MP: 2/2
   336 | D:1      | Reached XP level 2. HP: 14/14 MP: 3/3
   471 | D:1      | Slain by a kobold

Illustrated notes

Levels and vault maps discovered:
D:1:      amcnicky_arrival_feature_with_door, layout_rooms,
          chequers_ecumenical_altar_twisty, st_stairs_9

Action                   || total
-------------------------++-------
Melee: Unarmed           ||    40
       Bite              ||     3
       Punch             ||     1
 Stab: Sleeping          ||     2
Armor: Skin              ||     1
Dodge: Dodged            ||    52
